Map: Interloper LE

Players

McMonMEMEroe

  • Race: Zerg Zerg
  • League: Master
  • Spawn Location: 11:00

FarmCakes - Winner!

  • Race: Zerg Zerg
  • League: Master
  • Spawn Location: 5:00

VOD

https://go.twitch.tv/videos/186074637

Description

Time

  • Played on: Oct. 29, 2017, 12:52 p.m.
  • Length: 12:45
Show
View Real Time Build Order
Export as new Build Order

McMonMEMEroe Zerg 

Build Orders: Pool First 

Get SALT Encoding   

  12  0:00  Drone  
  13  0:12  Overlord  
  13  0:17  Drone  
  14  0:30  Drone x2  
  14  0:34  Drone  
  17  0:45  Spawning Pool  
  17  0:48  Drone  
  17  1:08  Hatchery  
  17  1:11  Drone  
  17  1:14  Drone  
  18  1:18  Extractor  
  18  1:19  Drone  
  18  1:31  Queen  
  21  1:32  Zergling x2  
  21  1:40  Overlord  
  21  1:49  Drone  
  22  2:00  Drone  
  23  2:07  Queen  
  25  2:10  Drone  
  26  2:17  Metabolic Boost  
  26  2:20  Drone  
  27  2:25  Queen  
  27  2:26  Drone  
  29  2:31  Overlord  
  29  2:33  Drone  
  30  2:39  Drone x2  
  30  2:42  Drone  
  33  2:47  Overlord  
  33  2:49  Drone  
  34  2:53  Drone  
  34  2:55  Drone  
  34  3:21  Evolution Chamber  
  34  3:22  Roach Warren  
  34  3:25  Drone x2  
  34  3:26  Overlord  
  34  4:01  Roach x6  
  34  4:02  Roach x4  
  54  4:05  Roach  
  54  4:09  Hatchery  
  55  4:11  Roach  
  55  4:13  Zergling x6  
  55  4:16  Overlord  
  60  4:21  Overlord  
  60  4:36  Zergling x16  
  68  4:42  Zergling x2  
  68  4:56  Zergling x4  
  70  5:01  Overlord  
  70  5:03  Zergling x2  
  70  5:04  Zergling x10  
  76  5:15  Overlord  
  73  5:29  Ravager  
  73  5:30  Ravager  
  73  5:34  Zergling x2  
  73  5:35  Zergling x8  
  72  5:38  Ravager  
  65  5:44  Evolution Chamber  
  65  5:47  Roach x3  
  55  5:51  Zergling x10  
  55  5:55  Drone  
  61  5:58  Drone  
  61  6:02  Drone  
  63  6:05  Drone  
  64  6:12  Spine Crawler  
  64  6:14  Spine Crawler  
  64  6:15  Spine Crawler  
  64  6:16  Roach x4  
  67  6:26  Overlord x2  
  67  6:27  Roach, Zergling x4  
  67  6:40  Drone x7  
  67  6:45  Drone x3  
  76  6:51  Roach  
  78  6:56  Roach x2  
  82  7:03  Extractor x2  
  82  7:05  Roach  
  82  7:07  Overlord x2  
  82  7:19  Roach  
  84  7:23  Drone x9  
  93  7:30  Drone x2  
  93  7:31  Queen  
  93  7:36  Drone  
  98  7:38  Zerg Missile Weapons Level 1  
  98  7:52  Drone, Lair  
  98  7:53  Drone x3  
  98  7:55  Roach x2  
  98  7:56  Extractor  
  106  7:58  Roach x2  
  106  8:04  Roach  
  110  8:13  Roach x4  
  110  8:14  Overlord  
  110  8:17  Roach, Extractor  
  121  8:20  Roach  
  121  8:21  Overlord  
  121  8:22  Overlord  
  121  8:24  Roach  
  125  8:34  Roach x4  
  131  8:46  Overlord x2  
  131  8:47  Roach  
  131  8:48  Roach x3  
  139  8:58  Roach x3  
  139  9:00  Overlord x2  
  145  9:04  Glial Reconstitution  
  144  9:17  Roach x5  
  144  9:18  Roach x2  
  157  9:28  Roach x5  
  166  9:33  Overlord x2  
  166  9:38  Zerg Missile Weapons Level 2  
  165  9:42  Roach  
  165  9:47  Roach  
  165  9:48  Roach x2  
  171  9:56  Roach x4  
  175  10:16  Roach x6  
  158  10:22  Roach x3  
  118  10:36  Roach x7  
  118  10:41  Queen  
  124  10:43  Roach  
  124  10:44  Ravager  
  124  10:45  Ravager  
  124  10:48  Ravager  
  129  10:52  Roach x4  
  129  10:55  Roach  
  129  10:56  Roach  
  141  11:01  Roach x2  
  145  11:05  Ravager, Unknown x2  
  145  11:06  Unknown  
  146  11:15  Roach x6  
  158  11:22  Overlord x2  
  158  11:28  Roach x3  
  158  11:31  Roach x2  
  168  11:35  Overseer  
  168  11:38  Overseer  
  164  11:49  Roach x7  
  177  11:58  Roach x3  
  183  12:04  Unknown x4  
  183  12:11  Roach  
  183  12:12  Roach x4  
Show
View Real Time Build Order
Export as new Build Order

FarmCakes Zerg - Winner!

Build Orders: Hatch First 

Get SALT Encoding   

  12  0:00  Drone  
  13  0:08  Drone  
  14  0:16  Overlord  
  14  0:22  Extractor  
  14  0:23  Drone  
  15  0:34  Drone  
  15  0:35  Drone  
  17  0:51  Hatchery  
  17  0:55  Drone  
  17  0:58  Drone  
  18  1:09  Extractor  
  17  1:13  Spawning Pool  
  17  1:16  Drone  
  17  1:20  Drone  
  18  1:27  Drone  
  19  1:37  Overlord  
  19  1:59  Queen  
  19  2:00  Zergling x4  
  23  2:03  Zergling x2, Queen  
  26  2:10  Drone  
  26  2:14  Drone  
  28  2:20  Drone  
  29  2:27  Drone  
  30  2:33  Drone, Baneling Nest  
  30  2:36  Drone  
  31  2:50  Hatchery  
  30  2:53  Drone  
  30  2:56  Drone  
  32  2:59  Drone  
  33  3:06  Drone x2  
  33  3:12  Drone x3  
  36  3:16  Evolution Chamber  
  35  3:21  Lair  
  35  3:23  Overlord x2  
  35  3:31  Roach Warren  
  34  3:36  Drone  
  35  3:42  Drone x4  
  35  3:45  Zerg Missile Weapons Level 1  
  35  3:47  Drone  
  40  3:49  Drone  
  40  3:52  Overlord, Extractor  
  40  3:53  Extractor  
  40  3:54  Drone  
  40  4:02  Drone x4  
  44  4:06  Queen  
  46  4:11  Drone x2  
  46  4:12  Drone  
  49  4:17  Drone x2  
  49  4:19  Roach  
  53  4:28  Roach x3  
  53  4:30  Roach  
  61  4:33  Roach x2  
  61  4:37  Overlord  
  65  4:51  Overlord x2  
  65  4:56  Roach x5  
  71  5:01  Roach  
  71  5:03  Roach  
  73  5:10  Roach x4  
  73  5:13  Roach x2  
  85  5:18  Zergling x6  
  72  5:38  Zergling x2  
  72  5:39  Roach Warren, Zergling x14  
  73  5:49  Drone  
  73  5:52  Queen x2  
  76  5:59  Metabolic Boost  
  76  6:01  Drone x4  
  76  6:02  Drone  
  83  6:11  Overlord x2  
  83  6:15  Overseer  
  83  6:20  Glial Reconstitution  
  83  6:21  Roach x2  
  83  6:24  Roach  
  86  6:32  Roach  
  90  6:38  Roach x2  
  92  6:45  Zerg Missile Weapons Level 2  
  92  6:46  Roach  
  92  6:48  Roach  
  92  6:51  Hatchery  
  93  6:55  Roach  
  93  6:58  Drone  
  98  7:01  Roach  
  98  7:02  Overlord x2  
  98  7:17  Drone  
  98  7:21  Drone x3  
  98  7:22  Drone  
  105  7:30  Roach x2  
  105  7:32  Queen  
  109  7:38  Roach  
  113  7:44  Roach x2  
  113  7:45  Overlord x2  
  113  7:47  Overseer  
  115  7:51  Drone x2  
  115  7:54  Overlord x2  
  116  7:59  Overseer  
  116  8:05  Drone x3  
  118  8:08  Roach  
  120  8:14  Extractor x2  
  120  8:15  Roach x2  
  120  8:18  Ravager x2  
  120  8:19  Ravager x3  
  127  8:21  Drone x2  
  127  8:22  Drone x2  
  127  8:26  Roach x2  
  135  8:32  Roach  
  137  8:39  Drone x4  
  141  8:43  Roach x4  
  141  8:44  Roach  
  141  8:48  Roach  
  153  8:49  Overlord x2  
  152  9:05  Overlord x2, Drone x2  
  152  9:06  Overlord  
  152  9:09  Roach  
  156  9:11  Roach x2  
  156  9:12  Roach, Hatchery  
  156  9:15  Roach  
  163  9:21  Roach x2  
  167  9:25  Roach  
  167  9:26  Zerg Ground Armor Level 1  
  167  9:29  Tunneling Claws  
  167  9:30  Burrow  
  167  9:33  Roach x2  
  173  9:38  Roach x3  
  173  9:42  Roach x2  
  180  9:52  Roach x5  
  190  9:59  Roach  
  192  10:02  Ravager  
  190  10:08  Roach x2  
  167  10:23  Roach x9  
  154  10:31  Roach x2  
  154  10:32  Roach  
  154  10:35  Roach  
  142  10:37  Roach  
  138  10:43  Roach x2, Hydralisk Den  
  138  10:48  Roach x3  
  147  10:51  Drone x4  
  147  10:52  Extractor, Drone x3  
  147  10:53  Roach x2  
  157  10:58  Roach x2  
  161  11:07  Roach x4  
  169  11:16  Roach x3, Extractor  
  169  11:17  Extractor  
  173  11:21  Roach x4  
  173  11:23  Drone x2  
  173  11:24  Drone x3  
  173  11:25  Roach x4  
  186  11:31  Ravager x3  
  189  11:44  Roach x5  
  199  11:52  Roach x4  
  199  12:06  Spine Crawler  
  199  12:07  Spine Crawler  
  197  12:14  Roach x2  
  197  12:15  Roach x2  
  197  12:16  Roach  
Tags
 
Add a new tag
Caveats
  • Supply blocks, unpowered buildings, or Contaminate may cause inaccurate times.
  • Supply counts are checked every 10 seconds.